 Dungeon Crawl Stone Soup version 0.31.0-11-ge490571c62 (webtiles) character file.

Game seed: 9947452301367640550

979 Silvore the Slasher (level 7, -17/55 HPs)
             Began as a Demonspawn Fighter on Feb 7, 2024.
             Was a Believer of Uskayaw.
             Demolished by an ogre
             ... wielding a +0 giant spiked club
              (29 damage)
             ... on level 5 of the Dungeon.
             The game lasted 00:07:09 (5637 turns).

Silvore the Slasher (Demonspawn Fighter)            Turns: 5637, Time: 00:07:10

Health: -17/55     AC: 16    Str: 19    XL:     7   Next: 96%
Magic:  7/7        EV: 10    Int:  8    God:    Uskayaw [**....]
Gold:   254        SH:  5    Dex: 12    Spells: 6/6 levels left

rFire   . . .        a - +0 long sword (freeze)
rCold   . . .        c - +0 buckler
rNeg    . . .        b - +0 scale mail
rPois   .            (no helmet)
rElec   .            l - +1 cloak
rCorr   .            (no gloves)
SInv    .            n - +0 pair of boots
Will    .....        (no amulet) Stlth
                     (no ring)
HPRegen 0.29/turn    (no ring)
MPRegen 0.20/turn

%: no passive effects
@: lethally poisoned (-17 -> -19), sanguine armoured
A: demonic guardian 2, magic regeneration, sanguine armour 1
a: Renounce Religion, Stomp, Line Pass


You were on level 5 of the Dungeon.
You worshipped Uskayaw.
Uskayaw was noncommittal.
You visited 2 branches of the dungeon, and saw 6 of its levels.

You collected 254 gold pieces.

Inventory:

Hand Weapons
 a - a +0 long sword of freezing (weapon)
Armour
 b - a +0 scale mail (worn)
 c - a +0 buckler (worn)
 l - a +1 cloak (worn)
 n - a +0 pair of boots (worn)
Jewellery
 p - a +4 ring of protection
 s - a ring of protection from fire
Wands
 k - a wand of paralysis (6)
Scrolls
 i - 4 scrolls of teleportation
 m - 2 scrolls of revelation
Potions
 d - 3 potions of might
 e - a potion of haste {unknown}
 f - a potion of curing
 g - a potion of enlightenment {unknown}
 h - a potion of brilliance {unknown}
 j - 3 potions of berserk rage
 o - a potion of resistance {unknown}


   Skills:
 + Level 4.5 Fighting
 + Level 5.6 Long Blades
 + Level 4.6 Armour
 + Level 2.4 Dodging
 + Level 0.1 Stealth
 + Level 3.9 Shields


You had 6 spell levels left.
You didn't know any spells.
Your spell library contained the following spells:

 Spells                   Type           Power      Damage    Failure   Level
 Ozocubu's Armour         Ice            0%         N/A       99%         3
 Metabolic Englaciation   Hex/Ice        0%         N/A       100%        5
 Sculpt Simulacrum        Ice/Alch       0%         N/A       100%        6


Dungeon Overview and Level Annotations

Branches:
Dungeon (5/15)             Temple (1/1) D:4

Altars:
Ashenzari
Dithmenos
Fedhas
Gozag
Kikubaaqudgha
Qazlal
Ru
Sif Muna
Trog
Uskayaw
Vehumet
Wu Jian


Innate Abilities, Weirdness & Mutations

A demonic guardian rushes to your aid.
You regenerate magic rapidly.
When seriously injured, your blood forms armour. (AC +6)


Message History

You hit the ogre. You freeze the ogre.
The ogre is almost dead.
The water moccasin bites you.
You are poisoned.
The water moccasin poisons you!
The ogre hits you with a +0 giant spiked club!!
A demonic guardian appears!
Your blood congeals into armour.
The water moccasin barely misses you.
You feel very sick.
Your rust devil barely misses the water moccasin.
You feel sick.
The water moccasin attacks as it pursues you!
The water moccasin bites you but does no damage.
The water moccasin bites you.
Your rust devil hits the water moccasin.
Your rust devil corrodes the water moccasin!
You miss the water moccasin.
The water moccasin is lightly wounded.
You feel very sick. You block the water moccasin's attack.
Your rust devil hits the water moccasin!
The water moccasin seems to be corroded for longer.
You closely miss the water moccasin.
The water moccasin is heavily wounded.
You feel sick. The water moccasin bites you.
* * * LOW HITPOINT WARNING * * *
You block the water moccasin's attack.
Your rust devil misses the water moccasin.
You hit the water moccasin. You freeze the water moccasin.
The water moccasin is severely wounded.
You feel sick.
The water moccasin bites you but does no damage.
Your rust devil hits the water moccasin!
The water moccasin dies!
You closely miss the ogre.
The ogre is almost dead.
You feel sick.
The ogre hits you with a +0 giant spiked club!!
Ouch! That really hurt!
You die...

#.## #...###.# #.#
#.......# # #.#
#..## #.# #.# #...#
..###.# #.#.# #.##.#
#.#.# #....# #†#.#
#.###.##4#######.#.#
#.......O@......#.#
##......#########.#
#.###### #.# #.
#.####### #
#.......# #
#######.# #######
#.# ....... #.#
####### #.#


You could see an ogre (ally target) and a friendly rust devil (summoned).

Vanquished Creatures
  A black bear (D:5)
  Blork the orc (D:3)
  3 scorpions
  A jelly (D:5)
  3 iguanas
  3 orc wizards
  Robin (D:1)
  3 gnolls
  5 adders
  A dart slug (D:3)
  5 orcs
  7 endoplasms
  7 giant cockroaches
  11 goblins
  7 hobgoblins
  16 jackals
  3 quokkas
  7 ball pythons
  3 bats
  3 frilled lizards
  5 kobolds
  5 rats
101 creatures vanquished.

Vanquished Creatures (collateral kills)
  A water moccasin (D:5)
  An ice beast (D:5)
  A bombardier beetle (D:4)
  A hound (D:5)
  An adder (D:3)
  2 orcs
7 creatures vanquished.

Vanquished Creatures (others)
  An orc wizard (D:5)
1 creature vanquished.

Grand Total: 109 creatures vanquished

Notes
Turn   | Place    | Note
-------+----------+-------------------------------------------
     0 | D:1      | Silvore the Demonspawn Fighter began the quest for the Orb.
     0 | D:1      | Reached XP level 1. HP: 18/18 MP: 1/1
   223 | D:1      | Gained mutation: You regenerate magic rapidly. [demonic
                  | ancestry]
   223 | D:1      | Reached XP level 2. HP: 24/24 MP: 2/2
   402 | D:1      | Reached skill level 2 in Long Blades
   526 | D:1      | Gained mutation: When seriously injured, your blood forms
                  | armour. (AC +6) [demonic ancestry]
   526 | D:1      | Reached XP level 3. HP: 16/29 MP: 3/3
   728 | D:2      | Noticed Robin
   807 | D:1      | Killed Robin
   879 | D:2      | Gained mutation: A weak demonic guardian rushes to your
                  | aid. [demonic ancestry]
   879 | D:2      | Reached XP level 4. HP: 25/35 MP: 4/4
  2155 | D:3      | Reached skill level 3 in Long Blades
  2987 | D:4      | Noticed Blork the orc
  3104 | D:3      | Reached XP level 5. HP: 7/41 MP: 5/5
  3343 | D:3      | Killed Blork the orc
  3344 | D:3      | Reached skill level 1 in Dodging
  3886 | D:4      | Reached XP level 6. HP: 10/48 MP: 6/6
  4071 | D:4      | Found a staircase to the Ecumenical Temple.
  4097 | Temple   | Entered the Ecumenical Temple
  4113 | Temple   | Became a worshipper of Uskayaw the Reveller
  4164 | D:4      | Reached * piety under Uskayaw
  4343 | D:4      | Found an ancient bone altar of Kikubaaqudgha.
  4553 | D:4      | Reached ** piety under Uskayaw
  4561 | D:4      | Reached skill level 4 in Long Blades
  4746 | D:5      | Entered Level 5 of the Dungeon
  4838 | D:5      | Noticed an ice beast
  4892 | D:5      | Gained mutation: A demonic guardian rushes to your aid.
                  | [demonic ancestry]
  4892 | D:5      | Reached XP level 7. HP: 10/54 MP: 7/7
  5375 | D:5      | Reached skill level 5 in Long Blades
  5637 | D:5      | Demolished by an ogre

Illustrated notes

Levels and vault maps discovered:
D:1:      amcnicky_arrival_choice, layout_basic
D:2:      layout_loops_ring, uniq_robin
D:3:      layout_basic, kennysheep_donut
D:4:      layout_loops_ring, nicolae_kikubaaqudgha_miasma_corner,
          kennysheep_mini, minmay_temple_entry_glassed_door, uniq_blork_the_orc
D:5:      layout_loops_ring
Temple:   compressed_dpeg_triangle_lava_temple

Skill      XL: |  1  2  3  4  5  6  7 |
---------------+----------------------+-----
Armour         | 3 4 |  4.6
Long Blades    | 2 3 4 5 |  5.6
Shields        | 3 |  3.9
Dodging        | 1 2 |  2.4
Fighting       | 4 |  4.5
Stealth        | |  0.1

Action                     |  1- 3 |  4- 6 |  7- 9 || total
---------------------------+-------+-------+-------++-------
  Melee: Long sword        |   151 |   289 |    79 ||   519
 Invoke: Stomp             |       |     2 |       ||     2
    Use: Scroll            |     1 |     7 |     2 ||    10
   Stab: Distracted        |       |     1 |       ||     1
 Armour: Scale mail        |   198 |   236 |    54 ||   488
  Dodge: Dodged            |   121 |   126 |    53 ||   300
  Block: Buckler           |    64 |    81 |    20 ||   165
